 Dungeon Crawl Stone Soup version 0.22.0 (webtiles) character file.

101448 inmateoo the Impaler (level 16, -13/148 HPs)
             Began as a Merfolk Gladiator on Aug 11, 2018.
             Was the Champion of Okawaru.
             Mangled by a spiny frog (34 damage)
             ... on level 6 of the Lair of Beasts.
             The game lasted 00:31:37 (22907 turns).

inmateoo the Impaler (Merfolk Gladiator)           Turns: 22907, Time: 00:31:38

Health: -13/148    AC: 18    Str: 20    XL:     16   Next: 30%
Magic:  21/21      EV: 21    Int: 11    God:    Okawaru [******]
Gold:   1634       SH:  0    Dex: 16    Spells: 14/15 levels left

rFire    + + .     SeeInvis +   J - +3 demon trident (flame)
rCold    + + +     Gourm    .   P - +0 buckler {rF+}
rNeg     . . .     Faith    .   H - +2 ring mail "Facwinan" {-Cast rF+ rC+++ SInv}
rPois    .         Spirit   .   u - +1 helmet {Int+3}
rElec    .         Reflect  +   r - +1 cloak
rCorr    .         Harm     .   R - +1 pair of gloves {archery}
MR       ++...     NoCast   +   S - +2 pair of boots {run}
Stlth    +.........             O - +5 amulet of reflection
HPRegen  0.34/turn              B - +3 ring of slaying
MPRegen  0.17/turn              t - ring of protection from magic

@: lethally poisoned (-13 -> -14), sleeping, quick
A: change form in water, swift swim, stealthy swim
a: Heroism, Finesse, Renounce Religion


You were on level 6 of the Lair of Beasts.
You worshipped Okawaru.
Okawaru was exalted by your worship.
You were not hungry.

You visited 3 branches of the dungeon, and saw 22 of its levels.
You also visited: Ice Cave and Volcano.

You collected 1634 gold pieces.

Inventory:

Hand Weapons
 a - a +1 trident
 J - a +3 demon trident of flaming (weapon)
Missiles
 d - 4 throwing nets (quivered)
Armour
 m - the +3 ring mail "Uxaimo" {Regen+}
   (You found it on level 9 of the Dungeon)

   It increases your rate of regeneration.
 r - a +1 cloak (worn)
 u - a +1 helmet of intelligence (worn)
 H - the +2 ring mail "Facwinan" (worn) {-Cast rF+ rC+++ SInv}
   (You found it in an ice cave)

   It protects you from fire.
   It renders you almost immune to cold.
   It lets you see invisible.
   It prevents spellcasting.
 P - a +0 buckler of fire resistance (worn)
 R - a +1 pair of gloves of archery (worn)
 S - a +2 pair of boots of running (worn)
 T - the +2 pair of boots of Huisuats {rF+}
   (You found it on level 4 of the Lair of Beasts)

   It protects you from fire.
Jewellery
 g - an uncursed ring of fire
 q - an uncursed ring of resist corrosion
 t - a ring of protection from magic (right hand)
 A - an uncursed ring of flight {unknown}
 B - a +3 ring of slaying (left hand)
 O - a +5 amulet of reflection (around neck)
Wands
 b - a wand of random effects (19)
 c - a wand of clouds (7)
 o - a wand of disintegration (18)
 E - a wand of iceblast (30)
 G - a wand of enslavement (29)
 L - a wand of polymorph (25)
 N - a wand of flame (36)
Scrolls
 e - a scroll of fog
 h - 5 scrolls of remove curse
 i - 8 scrolls of amnesia
 j - 3 scrolls of teleportation
 k - 2 scrolls of identify
 x - a scroll of enchant weapon
 y - a scroll of magic mapping
 D - 3 scrolls of enchant armour
Potions
 l - 3 potions of magic
 n - 3 potions of heal wounds
 p - a potion of agility
 s - a potion of cancellation
 v - 3 potions of ambrosia
 w - 4 potions of flight
 z - 3 potions of curing
 C - a potion of brilliance
 F - 4 potions of resistance
 I - 2 potions of might
 K - a potion of mutation
 M - 2 potions of lignification
Miscellaneous
 Q - a lightning rod (4/4)
Comestibles
 f - 22 rations


   Skills:
 + Level 20.1 Fighting
 * Level 20.3 Polearms
 - Level 2.0 Throwing
 + Level 7.2 Armour
 * Level 14.4 Dodging
 + Level 4.5 Shields
 + Level 7.4 Invocations


You had 14 spell levels left.
You knew the following spells:

 Your Spells              Type           Power        Failure   Level  Hunger
a - Apportation           Tloc           #.....       50%         1    ##.....

Your spell library contained the following spells:

 Spells                   Type           Power        Failure   Level  Hunger
 Magic Dart               Conj           #...         50%         1    ##.....
 Fireball                 Conj/Fire      #.........   100%        5    ######.
 Conjure Flame            Conj/Fire      #.......     86%         3    ####...
 Bolt of Cold             Conj/Ice       #.........   100%        6    #######
 Slow                     Hex            #.......     63%         2    ###....
 Invisibility             Hex            #.......     100%        6    #######
 Throw Frost              Conj/Ice       #.....       63%         2    ###....
 Freezing Cloud           Conj/Ice/Air   #.........   100%        6    #######
 Mephitic Cloud           Conj/Pois/Air  #.......     86%         3    ####...
 Blink                    Tloc           N/A          63%         2    ###....
 Freeze                   Ice            #...         50%         1    ##.....
 Ozocubu's Refrigeration  Ice            #.........   100%        6    #######
 Summon Ice Beast         Ice/Summ       #.......     99%         4    #####..
 Ozocubu's Armour         Chrm/Ice       #.......     86%         3    ####...
 Call Imp                 Summ           #.......     63%         2    ###....
 Sting                    Conj/Pois      #...         50%         1    ##.....
 Tukima's Dance           Hex            #.......     86%         3    ####...
 Stone Arrow              Conj/Erth      #.....       86%         3    ####...
 Spider Form              Tmut/Pois      #.........   86%         3    ####...
 Blade Hands              Tmut           #.........   100%        5    ######.
 Ice Form                 Ice/Tmut       #.......     99%         4    #####..
 Throw Icicle             Conj/Ice       #.......     99%         4    #####..
 Passwall                 Tmut/Erth      #.......     63%         2    ###....
 Sticks to Snakes         Tmut           #.......     63%         2    ###....
 Metabolic Englaciation   Hex/Ice        #.........   100%        5    ######.
 Summon Butterflies       Summ           #.......     50%         1    ##.....
 Alistair's Intoxication  Tmut/Pois      #.......     100%        5    ######.
 Lee's Rapid Deconstruct  Erth           #.........   100%        5    ######.
 Sandblast                Erth           #.....       50%         1    ##.....
 Simulacrum               Ice/Necr       #.........   100%        6    #######
 Petrify                  Tmut/Erth      #.......     99%         4    #####..
 Beastly Appendage        Tmut           #.....       50%         1    ##.....
 Spellforged Servitor     Conj/Summ      #.........   100%        7    #######
 Lesser Beckoning         Tloc           #.........   86%         3    ####...


Dungeon Overview and Level Annotations

Branches:
Dungeon (15/15)            Temple (1/1) D:4            Lair (6/6) D:11
  Swamp (0/4) Lair:4        Snake (0/4) Lair:4          Orc (0/2) D:10
 Vaults (0/5) D:14         Depths (0/5) D:15
  Slime: Lair:5-6

Altars:
Ashenzari
Cheibriados
Dithmenos
Elyvilon
Fedhas
Gozag
Hepliaklqana
Kikubaaqudgha
Makhleb
Nemelex Xobeh
Okawaru
Qazlal
Ru
Sif Muna
Trog
Uskayaw
Vehumet
Wu Jian
Xom
Yredelemnul
Zin
The Shining One

Shops:
D:4 [   D:6 ?   D:7 :   D:8 *

Portals:
Trove: D:10 (give +3 ice dragon scales)

Annotations:
D:7 3 runed doors, Thaneod's ghost, novice GnFi
D:15 1 runed door, Abuihunt's ghost, adept HOFi
Lair:5 exclusion: 3 oklob plants


Message History

You feel sick.
A dream sheep comes into view.
Unknown command.
Unknown command.
The dream sheep shake their wool and sparkle.
You feel drowsy...
You fall asleep.
Your surroundings suddenly seem different.
You feel sick.
A spiny frog comes into view.
The spiny frog gives a loud, deep croak!
You hear an angry growl.
The spiny frog closely misses you.
A polar bear comes into view.
Found 11 arrows.
You feel sick. The spiny frog barely misses you. The spiny frog misses you.
The spiny frog stings you but does no damage.
You feel sick. The spiny frog barely misses you.
The spiny frog closely misses you.
You feel sick. The spiny frog stings you!!
You die...

##....##..(.
#.#...#.....
#......#...P
...........
#........ P
♣...... ...
♣.PF#.....
♣.@..h....
♣###...#..
##... #


You could see a polar bear and a spiny frog.

Vanquished Creatures
  Frances (D:14)
  Gastronok (D:8)
  A white draconian (IceCv)
  An ettin (D:15)
  Josephine (Lair:5)
  The ghost of nicolaieve the Protected, a journeyman MiBe of Trog (D:11)
  9 hydras
  2 catoblepae
  8 vault guards (D:14)
  6 centaur warriors (D:15)
  4 two-headed ogres
  5 death yaks
  A tengu warrior (D:15)
  Urug (D:11)
  6 skeletal warriors
  A hell knight (D:15)
  An unseen horror (D:13)
  3 lindwurms
  Pikel (D:7)
  A wizard (D:15)
  2 orc knights
  An orc sorcerer (D:15)
  A manticore (Lair:5)
  4 ugly things
  4 cyclopes
  2 deep elf magi (D:15)
  7 elephants
  A toenail golem (Volcano)
  5 black mambas
  2 centaur zombies
  3 molten gargoyles (Volcano)
  2 gargoyles
  11 spiny frogs
  4 rime drakes
  3 efreet (Volcano)
  2 freezing wraiths (D:14)
  9 komodo dragons
  6 kobold demonologists
  A yaktaur (D:15)
  14 polar bears (IceCv)
  A queen bee (Lair:5)
  Prince Ribbit (D:7)
  8 trolls
  3 meliai (Lair:5)
  14 slime creatures
  22 blink frogs
  A meliai zombie (D:15)
  A dream sheep (Lair:6)
  10 hippogriffs
  2 shadows
  A vampire (D:14)
  51 yaks
  8 basilisks
  4 wraiths
  7 wyverns
  4 fire elementals (Volcano)
  A human (shapeshifter) (D:11)
  A hungry ghost (D:8)
  A steam dragon (D:11)
  3 vampire mosquitoes (D:14)
  A warg (D:15)
  A soldier ant (D:15)
  An acid dragon (D:12)
  Duvessa (D:7)
  13 porcupines
  12 water moccasins
  10 orc warriors
  A slave (D:7)
  8 ogres
  3 black bears
  2 necrophages
  2 phantoms
  An eye of draining (D:10)
  6 ice beasts
  13 wolves
  11 centaurs
  2 big kobolds
  19 crocodiles
  A wyvern zombie (D:8)
  17 bullfrogs
  2 earth elementals (Volcano)
  Dowan (D:7)
  A water moccasin skeleton (D:8)
  3 scorpions
  40 killer bees
  6 wights
  7 electric eels
  2 howler monkeys (D:7)
  7 crimson imps
  A quasit (D:12)
  A bullfrog zombie (D:5)
  13 hounds
  Crazy Yiuf (D:7)
  10 orc priests
  5 centaur skeletons
  3 jellies
  18 orc wizards
  2 bullfrog skeletons
  2 iguanas
  A hell rat (Lair:5)
  8 worker ants
  A killer bee zombie (D:5)
  2 hound zombies (D:5)
  3 gnolls (D:11)
  18 adders
  6 shadow imps
  An adder zombie (D:7)
  3 worms
  4 dart slugs
  8 leopard geckos
  57 orcs
  2 bats
  8 giant cockroaches
  5 goblins
  9 hobgoblins
  7 jackals
  4 quokkas
  3 ball pythons (D:2)
  4 frilled lizards (D:1)
  A giant cockroach zombie (D:5)
  14 kobolds
  A leopard gecko zombie (D:5)
  4 rats
  2 fire vortices (Volcano)
  A fungus (D:7)
710 creatures vanquished.

Vanquished Creatures (others)
  An ogre mage (D:15)
  A cyclops (D:13)
  A polar bear (IceCv)
  An ogre (D:14)
  2 wolves (IceCv)
  15 fungi
  14 plants
35 creatures vanquished.

Grand Total: 745 creatures vanquished

Notes
Turn   | Place    | Note
-------+----------+-------------------------------------------
     0 | D:1      | inmateoo the Merfolk Gladiator began the quest for the Orb.
     0 | D:1      | Reached XP level 1. HP: 16/16 MP: 1/1
    86 | D:1      | Reached XP level 2. HP: 23/23 MP: 2/2
   138 | D:1      | Reached skill level 5 in Polearms
   184 | D:1      | Reached XP level 3. HP: 17/28 MP: 3/3
   813 | D:2      | Reached XP level 4. HP: 11/34 MP: 4/4
  1705 | D:3      | Reached skill level 5 in Dodging
  1710 | D:3      | Reached XP level 5. HP: 41/41 MP: 5/5
  2169 | D:4      | Reached skill level 1 in Shields
  2182 | D:4      | Reached XP level 6. HP: 32/47 MP: 6/6
  2627 | D:4      | Found Afulatea's Armour Shop.
  2649 | D:4      | Found a staircase to the Ecumenical Temple.
  2878 | D:4      | Found an ancient bone altar of Kikubaaqudgha.
  2996 | Temple   | Entered the Ecumenical Temple
  3314 | Temple   | Became a worshipper of Warmaster Okawaru
  3383 | D:5      | Entered Level 5 of the Dungeon
  3403 | D:5      | Reached XP level 7. HP: 34/54 MP: 7/7
  3990 | D:5      | Reached * piety under Okawaru
  4498 | D:6      | Reached skill level 1 in Invocations
  4633 | D:6      | Reached XP level 8. HP: 56/61 MP: 8/8
  4793 | D:6      | Reached skill level 5 in Fighting
  5018 | D:6      | Reached skill level 10 in Polearms
  5077 | D:6      | Found Xieski Boji's Magic Scroll Shop.
  5113 | D:6      | Reached ** piety under Okawaru
  5746 | D:7      | Found a runed gate.
  5746 | D:7      | Found a runed gate.
  5747 | D:7      | Found a runed gate.
  5750 | D:7      | Noticed Thaneod's ghost (novice GnFi)
  5806 | D:7      | Reached XP level 9. HP: 39/69 MP: 11/11
  6182 | D:7      | Noticed Pikel
  6186 | D:7      | Noticed Prince Ribbit
  6222 | D:7      | Killed Pikel
  6222 | D:7      | Reached *** piety under Okawaru
  6225 | D:7      | Killed Prince Ribbit
  6712 | D:7      | Noticed Duvessa
  6718 | D:7      | Noticed Dowan
  6734 | D:7      | Killed Duvessa
  6744 | D:7      | Killed Dowan
  6744 | D:7      | Received a gift from Okawaru
  6809 | D:7      | Reached XP level 10. HP: 69/77 MP: 13/13
  6857 | D:7      | Reached skill level 5 in Invocations
  6866 | D:7      | Found Eciets's Book Shop.
  7071 | D:7      | Found a runed door.
  7075 | D:7      | Noticed Crazy Yiuf
  7088 | D:7      | Killed Crazy Yiuf
  7356 | D:8      | Found Nugahion's Needful Niceties.
  7419 | D:8      | Reached **** piety under Okawaru
  7683 | D:8      | Noticed Gastronok
  7844 | D:8      | Killed Gastronok
  7844 | D:8      | Reached ***** piety under Okawaru
  7844 | D:8      | Received a gift from Okawaru
  8298 | D:9      | Got a spiked ring mail
  8309 | D:9      | Identified the +3 ring mail "Uxaimo" {Regen+} (You found it on level 9 of the Dungeon)
  8365 | D:9      | Reached skill level 10 in Dodging
  8470 | D:9      | Reached XP level 11. HP: 45/86 MP: 15/15
  8964 | D:10     | Entered Level 10 of the Dungeon
  9063 | D:10     | Noticed Urug
  9222 | D:11     | Killed Urug
  9227 | D:11     | Reached skill level 15 in Polearms
  9257 | D:11     | Received a gift from Okawaru
  9257 | D:11     | Reached skill level 1 in Armour
  9387 | D:10     | Received a gift from Okawaru
  9390 | D:10     | Found a portal to a secret trove of treasure.
  9551 | D:10     | Found a staircase to the Orcish Mines.
 10220 | D:11     | Noticed a cyclops
 10227 | D:11     | Killed a cyclops
 10255 | D:11     | Found a staircase to the Lair.
 10299 | D:11     | Reached XP level 12. HP: 83/96 MP: 17/17
 10453 | D:11     | Identified a scroll of acquirement
 10605 | D:11     | Learned a level 1 spell: Apportation
 10611 | D:11     | Noticed a soul eater
 10648 | D:11     | Reached ****** piety under Okawaru
 10780 | D:11     | Found a transporter.
 10780 | D:11     | Noticed a two-headed ogre
 10781 | D:11     | Found a transporter.
 10781 | D:11     | Noticed nicolaieve's ghost (journeyman MiBe)
 10873 | D:11     | Killed nicolaieve's ghost
 10900 | D:11     | Received a gift from Okawaru
 11005 | D:11     | Killed a two-headed ogre
 11102 | D:12     | Found a white marble altar of Elyvilon.
 11156 | D:12     | Identified the Papyrus of Battle Magic
 11231 | D:12     | Got a heavily runed amethyst amulet
 11238 | D:12     | Identified the amulet "Raujag" {Harm *Drain rElec rF+ rC- Stlth+} (You found it on level 12 of the Dungeon)
 11339 | D:12     | Reached skill level 10 in Fighting
 11868 | D:13     | Noticed a six-headed hydra
 11875 | D:13     | Killed a six-headed hydra
 11875 | D:13     | Received a gift from Okawaru
 11917 | D:13     | Found a frozen archway.
 11953 | IceCv    | Entered an ice cave
 12040 | IceCv    | Got a heavily runed ring mail
 12077 | IceCv    | Identified the +2 ring mail "Facwinan" {-Cast rF+ rC+++ SInv} (You found it in an ice cave)
 12192 | IceCv    | Reached XP level 13. HP: 90/103 MP: 18/18
 12515 | IceCv    | Noticed a white draconian
 12549 | IceCv    | Killed a white draconian
 12804 | D:13     | Received a gift from Okawaru
 12818 | D:13     | Identified a +2 pair of boots of running (Okawaru gifted it to you on level 13 of the Dungeon)
 14192 | D:14     | Received a gift from Okawaru
 14280 | D:14     | Noticed a vault guard
 14280 | D:14     | Noticed a vault guard
 14281 | D:14     | Noticed a vault guard
 14281 | D:14     | Noticed a vault guard
 14293 | D:14     | Noticed a vault guard
 14296 | D:14     | Killed a vault guard
 14296 | D:14     | Reached XP level 14. HP: 105/117 MP: 19/19
 14314 | D:14     | Reached skill level 5 in Armour
 14331 | D:14     | Found a gate to the Vaults.
 14651 | D:14     | Noticed Frances
 14668 | D:14     | Killed Frances
 14925 | D:14     | Reached skill level 15 in Fighting
 15416 | D:15     | Entered Level 15 of the Dungeon
 15533 | D:15     | Found a runed door.
 15533 | D:15     | Noticed Abuihunt's ghost (adept HOFi)
 15824 | D:15     | Received a gift from Okawaru
 16060 | D:15     | Found a shadowy altar of Dithmenos.
 16416 | D:15     | Found a staircase to the Depths.
 16523 | D:15     | Reached XP level 15. HP: 104/133 MP: 20/20
 16863 | Lair:1   | Entered Level 1 of the Lair of Beasts
 17653 | Lair:2   | Received a gift from Okawaru
 18451 | Lair:3   | Received a gift from Okawaru
 18554 | Lair:3   | Found a sacrificial altar of Ru.
 19268 | Lair:4   | Found a dark tunnel.
 19307 | Volcano  | Entered a volcano
 19871 | Lair:4   | Identified the +2 pair of boots of Huisuats {rF+} (You found it on level 4 of the Lair of Beasts)
 19969 | Lair:4   | Found a staircase to the Snake Pit.
 20169 | Lair:4   | Found a staircase to the Swamp.
 20708 | Lair:5   | Noticed Josephine
 20738 | Lair:5   | Killed Josephine
 20744 | Lair:5   | Received a gift from Okawaru
 21177 | Lair:5   | Reached XP level 16. HP: 103/148 MP: 21/21
 22867 | Lair:6   | Entered Level 6 of the Lair of Beasts
 22907 | Lair:6   | Mangled by a spiny frog

Skill      XL: |  1  2  3  4  5  6  7  8  9 10 11 12 13 14 15 16 |
---------------+-------------------------------------------------+-----
Polearms       | 5 6 7 8 9 10 12 14 16 18 19 20 | 20.3
Fighting       | 3 4 5 6 8 9 10 13 17 19 20 | 20.1
Dodging        | 5 6 7 8 10 11 12 14 | 14.4
Shields        | 1 2 4 |  4.5
Invocations    | 1 3 4 6 7 |  7.4
Armour         | 2 4 6 7 |  7.2
Throwing       | |  2.0

Action                   |  1- 3 |  4- 6 |  7- 9 | 10-12 | 13-15 | 16-18 || total
-------------------------+-------+-------+-------+-------+-------+-------++-------
Melee: Trident           |   118 |   156 |   474 |   288 |       |       ||  1036
       Demon trident     |       |       |       |   523 |  1215 |   197 ||  1935
Invok: Heroism           |       |       |       |       |     1 |       ||     1
       Finesse           |       |       |       |       |     1 |       ||     1
Evoke: Wand              |       |       |       |       |     1 |       ||     1
  Use: Scroll            |       |     8 |     2 |    22 |     8 |     3 ||    43
       Potion            |       |     1 |     1 |     2 |     6 |     1 ||    11
 Stab: Sleeping          |       |       |     1 |     2 |       |       ||     3
       Distracted        |       |       |       |     1 |       |       ||     1
       Invisible         |       |       |       |     2 |       |       ||     2
       Petrifying        |       |       |       |       |       |     2 ||     2
       Fleeing           |       |       |       |       |       |     1 ||     1
       Petrified         |       |       |       |       |       |     1 ||     1
  Eat: Chunk             |       |     7 |    12 |    11 |    19 |     2 ||    51
       Ration            |       |       |       |     3 |     2 |     1 ||     6
Armor: Leather armour    |    23 |    26 |    33 |     8 |       |       ||    90
       Ring mail         |       |       |       |    90 |   128 |    52 ||   270
Dodge: Dodged            |    52 |    76 |   151 |   270 |   409 |   116 ||  1074
Block: Other             |     6 |     3 |       |       |       |       ||     9
       Buckler           |       |    33 |   142 |   227 |   345 |    76 ||   823
       Reflection        |       |       |     7 |    12 |    15 |       ||    34
